Montreal Canadiens vs Edmonton Oilers
Created - Sunday, June 18, 2023 at 07:02
Goals
|
| Montreal Canadiens |
0 |
2 |
0 |
2 |
| Edmonton Oilers |
0 |
1 |
0 |
1 |
|
Shots
|
| Montreal Canadiens |
4 |
23 |
9 |
36 |
| Edmonton Oilers |
16 |
7 |
16 |
39 |
|
1st period
No Goal
Penalties :
No Penalty
2nd period
1. Montreal Canadiens , Jonathan Marchessault 17 (Dylan Larkin 34, Miles Wood 12) at 9:55
2. Edmonton Oilers , Jacob Trouba 5 (Cam Atkinson 24, David Perron 25) at 18:14
3. Montreal Canadiens , Patrik Laine 32 (Sidney Crosby 57) at 19:24
Penalties :
Boone Jenner (EDM) for Boarding (Minor) at 9:58, Ryan Getzlaf (EDM) for Hooking (Minor) at 15:32
3rd period
No Goal
Penalties :
David Perron (EDM) for Hooking (Minor) at 5:17, Jamie Benn (EDM) for Fighting (Major) at 9:30, Tyler Myers (MTL) for Fighting (Major) at 9:30
Goalie Stats
Jacob Markstrom (MTL), 38 saves from 39 shots - (0.974), W, 33-19-8, 60:00 minutes
Juuse Saros (EDM), 34 saves from 36 shots - (0.944), L, 30-17-0, 58:56 minutes
Players Stats for Montreal Canadiens
Player Name G A P +/- PIM S H SB GA TA FO MP PP MP PK MP
------------------------------------------------------------------------------------
Adam Fox 0 0 0 1 0 1 2 3 1 2 0/0 25:27 2:59 0:00
Alexandre Carrier 0 0 0 0 0 0 1 0 0 0 0/0 14:54 0:00 0:00
Brady Skjei 0 0 0 0 0 1 1 1 0 1 0/0 20:23 2:58 0:00
Christian Fischer 0 0 0 -1 0 0 1 0 0 0 0/0 9:07 0:00 0:00
Dylan Larkin 0 1 1 1 0 6 3 1 0 0 16/30 17:51 2:48 0:00
Filip Forsberg 0 0 0 1 0 4 0 1 1 0 0/2 19:43 3:09 0:00
Filip Hronek 0 0 0 0 0 1 1 0 0 1 0/0 19:52 2:58 0:00
Jack Quinn 0 0 0 -1 0 2 2 0 1 0 0/1 9:07 0:00 0:00
Jake Evans 0 0 0 0 0 3 1 0 2 0 0/1 13:27 0:01 0:00
Jonathan Marchessault 1 0 1 1 0 5 3 0 2 0 0/0 17:53 2:47 0:00
Martin Necas 0 0 0 0 0 0 2 0 1 0 3/8 13:27 0:01 0:00
Miles Wood 0 1 1 1 0 2 3 0 0 1 0/1 17:43 2:47 0:00
Patrik Laine 1 0 1 1 0 3 3 0 0 0 0/1 19:43 3:09 0:00
Scott Mayfield 0 0 0 0 0 1 2 0 0 0 0/0 16:24 0:00 0:00
Sidney Crosby 0 1 1 1 0 4 0 0 0 0 10/22 19:43 3:09 0:00
Tomas Nosek 0 0 0 -1 0 1 0 0 0 0 2/6 9:07 0:00 0:00
Tyler Myers 0 0 0 1 5 1 2 0 0 0 0/0 22:47 2:59 0:00
Tyson Jost 0 0 0 0 0 1 1 0 0 1 1/2 13:21 0:00 0:00
Players Stats for Edmonton Oilers
Player Name G A P +/- PIM S H SB GA TA FO MP PP MP PK MP
------------------------------------------------------------------------------------
Adrian Kempe 0 0 0 -1 0 7 3 0 0 0 1/1 16:12 0:00 0:00
Anton Stralman 0 0 0 -1 0 0 1 2 0 1 0/0 21:04 0:00 2:51
Boone Jenner 0 0 0 1 2 6 1 0 0 0 16/25 19:38 0:00 2:03
Brett Pesce 0 0 0 0 0 0 1 1 0 1 0/0 21:16 0:00 3:06
Brock Boeser 0 0 0 -1 0 2 1 2 1 0 2/3 15:12 0:00 0:00
Cam Atkinson 0 1 1 1 0 3 0 0 2 1 0/0 14:23 0:00 0:00
Damon Severson 0 0 0 -1 0 0 3 2 0 2 0/0 24:41 0:00 2:51
David Perron 0 1 1 1 2 3 1 1 2 0 0/1 15:44 0:00 0:13
Duncan Keith 0 0 0 0 0 1 2 2 0 0 0/0 16:53 0:00 2:19
Erik Johnson 0 0 0 -1 0 1 1 1 0 0 0/0 9:33 0:00 0:47
Jacob Trouba 1 0 1 1 0 2 4 0 0 1 0/0 23:17 0:00 0:00
Jakob Silfverberg 0 0 0 0 0 1 1 0 0 0 0/0 11:03 0:00 2:40
Jakub Voracek 0 0 0 -1 0 4 1 0 0 0 1/3 13:56 0:00 0:00
Jamie Benn 0 0 0 -1 5 5 2 1 0 0 0/1 15:52 0:00 0:00
Jeff Carter 0 0 0 -1 0 3 2 0 0 1 11/19 19:37 0:00 3:04
Mikael Backlund 0 0 0 0 0 0 3 0 0 0 6/9 11:03 0:00 2:40
Paul Stastny 0 0 0 0 0 0 0 0 0 0 0/1 9:50 0:00 0:26
Ryan Getzlaf 0 0 0 -1 2 1 2 1 1 1 5/11 14:45 0:00 0:48
3 Stars
1 - Jacob Markstrom (MTL)
2 - Jonathan Marchessault (MTL)
3 - Patrik Laine (MTL)
Power Play
Montreal Canadiens - 0 on 3 Attempt(s) - 0.00%
Edmonton Oilers - 0 on 0 Attempt(s) - 0.00%
Penalty Kill
Montreal Canadiens - 0 on 0 Attempt(s) - 0.00%
- Score 0 goal in Penalty Kill
Edmonton Oilers - 3 on 3 Attempt(s) - 100.00%
- Score 0 goal in Penalty Kill
Team Stat
Montreal Canadiens - Hits : 28 - Faceoff Wins : 32 - Blocked Shots : 6 - Penalty Minutes : 5
Edmonton Oilers - Hits : 29 - Faceoff Wins : 42 - Blocked Shots : 13 - Penalty Minutes : 11
Official
Referees : Kendrick Nicholson and Steve Kozari
Linesman : Steve Miller and Michel Cormier
Game Notes
Erik Johnson is injured at 12:21 of 2nd period (Sprained Right Knee)
Jamie Benn and Tyler Myers fight to a draw at 9:30 of 3rd period
Finance
Level 1 -- Attendance: 6000 (100.00%) -- Ticket Income $540,000
Level 2 -- Attendance: 4716 (94.32%) -- Ticket Income $235,800
Level 3 -- Attendance: 2986 (99.53%) -- Ticket Income $80,622
Level 4 -- Attendance: 5000 (100.00%) -- Ticket Income $80,000
Luxury Box -- Attendance: 985 (98.50%) -- Ticket Income $186,165
Game was played at the Rexall Place.
Total Attendance: 19687 (98.44%)
Total Ticket Income: $1,122,587
Other Income: $392,905
Total Income: $1,515,492
Montreal Canadiens
5 vs 5 Forward
Center Left Wing Right Wing Time % Phy DF OF
1 Sidney Crosby Filip Forsberg Patrik Laine 30 1 1 3
2 Dylan Larkin Jonathan Marchessault Miles Wood 30 1 1 3
3 Martin Necas Tyson Jost Jake Evans 25 1 3 1
4 Tomas Nosek Christian Fischer Jack Quinn 15 1 3 1
5 vs 5 Defense
Defense Defense Time % Phy DF OF
1 Adam Fox Tyler Myers 30 1 2 2
2 Brady Skjei Filip Hronek 30 1 2 2
3 Scott Mayfield Alexandre Carrier 25 1 2 2
4 Adam Fox Tyler Myers 15 1 2 2
PowerPlay Forward
Center Left Wing Right Wing Time % Phy DF OF
1 Sidney Crosby Filip Forsberg Patrik Laine 50 1 0 4
2 Dylan Larkin Jonathan Marchessault Miles Wood 50 1 0 4
PowerPlay Defense
Defense Defense Time % Phy DF OF
1 Adam Fox Tyler Myers 50 1 1 3
2 Brady Skjei Filip Hronek 50 1 1 3
Penalty Kill 4 Players Forward
Center Wing Time % Phy DF OF
1 Sidney Crosby Filip Forsberg 50 1 4 0
2 Dylan Larkin Patrik Laine 50 1 4 0
Penalty Kill 4 Players Defense
Defense Defense Time % Phy DF OF
1 Adam Fox Tyler Myers 50 1 4 0
2 Brady Skjei Filip Hronek 50 1 4 0
Penalty Kill - 3 Players Forward
Forward Time % Phy DF OF
1 Sidney Crosby 50 1 4 0
2 Filip Forsberg 50 1 4 0
Penalty Kill - 3 Players Defense
Defense Defense Time % Phy DF OF
1 Adam Fox Tyler Myers 50 1 4 0
2 Brady Skjei Filip Hronek 50 1 4 0
4 vs 4 Forward
Center Wing Time % Phy DF OF
1 Sidney Crosby Filip Forsberg 50 1 2 2
2 Dylan Larkin Patrik Laine 50 1 2 2
4 vs 4 Defense
Defense Defense Time % Phy DF OF
1 Adam Fox Tyler Myers 50 1 2 2
2 Brady Skjei Filip Hronek 50 1 2 2
Last Minutes Offensive
Center Left Wing Right Wing Defense Defense
Sidney Crosby Filip Forsberg Patrik Laine Adam Fox Tyler Myers
Last Minutes Defensive
Center Left Wing Right Wing Defense Defense
Sidney Crosby Filip Forsberg Patrik Laine Adam Fox Tyler Myers
Goaltenders
Starting : Jacob Markstrom
Backup : Alex Nedeljkovic
Extra Forwards
Normal : Martin Necas, Jake Evans, Tyson Jost - PP : Martin Necas, Jake Evans - PK : Tyson Jost
Extra Defensemen
Normal : Scott Mayfield, Alexandre Carrier, Brady Skjei - PP : Scott Mayfield - PK : Alexandre Carrier, Brady Skjei
Penalty Shots
Sidney Crosby, Filip Forsberg, Dylan Larkin, Patrik Laine, Jonathan Marchessault
Edmonton Oilers
5 vs 5 Forward
Center Left Wing Right Wing Time % Phy DF OF
1 Jeff Carter Jamie Benn Adrian Kempe 30 1 2 2
2 Boone Jenner David Perron Cam Atkinson 30 1 2 2
3 Ryan Getzlaf Jakub Voracek Brock Boeser 25 1 2 2
4 Mikael Backlund Paul Stastny Jakob Silfverberg 15 1 2 2
5 vs 5 Defense
Defense Defense Time % Phy DF OF
1 Damon Severson Anton Stralman 32 1 2 2
2 Brett Pesce Jacob Trouba 32 1 2 2
3 Duncan Keith Erik Johnson 26 1 3 1
4 Damon Severson Jacob Trouba 10 0 2 3
PowerPlay Forward
Center Left Wing Right Wing Time % Phy DF OF
1 Boone Jenner David Perron Jakub Voracek 50 0 0 5
2 Ryan Getzlaf Jamie Benn Brock Boeser 50 0 0 5
PowerPlay Defense
Defense Defense Time % Phy DF OF
1 Damon Severson Adrian Kempe 50 0 1 4
2 Jacob Trouba Cam Atkinson 50 0 1 4
Penalty Kill 4 Players Forward
Center Wing Time % Phy DF OF
1 Mikael Backlund Jakob Silfverberg 50 1 4 0
2 Jeff Carter Boone Jenner 50 1 4 0
Penalty Kill 4 Players Defense
Defense Defense Time % Phy DF OF
1 Anton Stralman Damon Severson 50 1 4 0
2 Brett Pesce Erik Johnson 50 1 4 0
Penalty Kill - 3 Players Forward
Forward Time % Phy DF OF
1 Mikael Backlund 50 1 2 2
2 Jakob Silfverberg 50 1 4 0
Penalty Kill - 3 Players Defense
Defense Defense Time % Phy DF OF
1 Anton Stralman Damon Severson 50 1 2 2
2 Brett Pesce Erik Johnson 50 1 4 0
4 vs 4 Forward
Center Wing Time % Phy DF OF
1 Boone Jenner Adrian Kempe 50 0 2 3
2 Paul Stastny David Perron 50 0 2 3
4 vs 4 Defense
Defense Defense Time % Phy DF OF
1 Damon Severson Duncan Keith 50 0 3 2
2 Jacob Trouba Brett Pesce 50 1 2 2
Last Minutes Offensive
Center Left Wing Right Wing Defense Defense
Boone Jenner Jamie Benn David Perron Damon Severson Jacob Trouba
Last Minutes Defensive
Center Left Wing Right Wing Defense Defense
Boone Jenner Mikael Backlund Jakob Silfverberg Anton Stralman Erik Johnson
Goaltenders
Starting : Juuse Saros
Backup : Jonathan Quick
Extra Forwards
Normal : Boone Jenner, Jamie Benn, Adrian Kempe - PP : Jeff Carter, Paul Stastny - PK : Ryan Getzlaf
Extra Defensemen
Normal : Jacob Trouba, Damon Severson, Brett Pesce - PP : Brett Pesce - PK : Duncan Keith, Jacob Trouba
Penalty Shots
Boone Jenner, Jamie Benn, Adrian Kempe, David Perron, Jakob Silfverberg
% Time on Ice - Montreal Canadiens
Lines # - Real PCT - Wanted PCT - Time Play
Normal Forward
1 - 30% - 30% - 15:43
2 - 28% - 30% - 15:03
3 - 25% - 25% - 13:19
4 - 17% - 15% - 9:07
Normal Defense
1 - 30% - 30% - 16:04
2 - 30% - 30% - 15:51
3 - 26% - 25% - 13:40
4 - 14% - 15% - 7:37
PP Forward
1 - 53% - 50% - 3:09
2 - 47% - 50% - 2:48
PP Defense
1 - 50% - 50% - 2:59
2 - 50% - 50% - 2:58
PK Forward
1 - 0% - 50%
2 - 0% - 50%
PK Defense
1 - 0% - 50%
2 - 0% - 50%
PK3 Forward
1 - 0% - 50%
2 - 0% - 50%
PK3 Defense
1 - 0% - 50%
2 - 0% - 50%
44 Forward
1 - 0% - 50%
2 - 0% - 50%
44 Defense
1 - 0% - 50%
2 - 0% - 50%
Last Minute Offensive - 0:00
Last Minute Defensive - 0:51
Total
Forward - 60:00
Defense - 60:00
|
% Time on Ice - Edmonton Oilers
Lines # - Real PCT - Wanted PCT - Time Play
Normal Forward
1 - 31% - 30% - 16:14
2 - 27% - 30% - 14:22
3 - 26% - 25% - 13:56
4 - 16% - 15% - 8:21
Normal Defense
1 - 32% - 32% - 16:41
2 - 33% - 32% - 17:32
3 - 28% - 26% - 14:34
4 - 8% - 10% - 4:06
PP Forward
1 - 0% - 50%
2 - 0% - 50%
PP Defense
1 - 0% - 50%
2 - 0% - 50%
PK Forward
1 - 45% - 50% - 2:40
2 - 55% - 50% - 3:17
PK Defense
1 - 48% - 50% - 2:51
2 - 52% - 50% - 3:06
PK3 Forward
1 - 0% - 50%
2 - 0% - 50%
PK3 Defense
1 - 0% - 50%
2 - 0% - 50%
44 Forward
1 - 0% - 50%
2 - 0% - 50%
44 Defense
1 - 0% - 50%
2 - 0% - 50%
Last Minute Offensive - 1:10
Last Minute Defensive - 0:00
Total
Forward - 60:00
Defense - 60:00
|
Play-by-Play
1st period
0:01 of 1st period - Sidney Crosby wins face-off versus Jamie Benn in neutral zone.
0:14 of 1st period - Adrian Kempe is hit by Tyler Myers and loses puck.
0:36 of 1st period - Slapshot by Boone Jenner.
0:36 of 1st period - Stopped by Jacob Markstrom without a rebound.
0:37 of 1st period - Boone Jenner wins face-off versus Martin Necas in Montreal Canadiens zone.
0:50 of 1st period - Snap shot by Boone Jenner.
0:50 of 1st period - Shot Blocked by Brady Skjei.
1:25 of 1st period - Wrist shot by Christian Fischer.
1:25 of 1st period - Shot Blocked by Brock Boeser.
2:01 of 1st period - Christian Fischer is hit by Jamie Benn and loses puck.
2:26 of 1st period - Scott Mayfield is hit by Mikael Backlund and loses puck.
3:34 of 1st period - Brady Skjei is hit by Jakob Silfverberg and loses puck.
4:09 of 1st period - Ryan Getzlaf is hit by Jonathan Marchessault and loses puck.
4:24 of 1st period - Slapshot by Jamie Benn.
4:24 of 1st period - Shot Blocked by Adam Fox.
4:58 of 1st period - Wrist shot by Boone Jenner.
4:58 of 1st period - Stopped by Jacob Markstrom with a rebound.
5:02 of 1st period - Slapshot by Boone Jenner.
5:02 of 1st period - Shot Misses the Net.
5:04 of 1st period - Wrist shot by Boone Jenner.
5:04 of 1st period - Stopped by Jacob Markstrom with a rebound.
5:45 of 1st period - Martin Necas is hit by Jacob Trouba and loses puck.
7:37 of 1st period - Snap shot by Christian Fischer.
7:37 of 1st period - Shot Misses the Net.
7:53 of 1st period - Mikael Backlund is hit by Filip Hronek.
7:57 of 1st period - Mikael Backlund is hit by Adam Fox and loses puck.
8:10 of 1st period - Scott Mayfield is hit by Brock Boeser and loses puck.
8:17 of 1st period - Mikael Backlund is hit by Scott Mayfield and loses puck.
8:42 of 1st period - Wrist shot by Patrik Laine.
8:42 of 1st period - Stopped by Juuse Saros with a rebound.
8:44 of 1st period - Slapshot by Brady Skjei.
8:44 of 1st period - Shot Misses the Net.
9:13 of 1st period - Anton Stralman is hit by Scott Mayfield and loses puck.
9:24 of 1st period - Snap shot by Jakob Silfverberg.
9:24 of 1st period - Shot Blocked by Filip Forsberg.
9:26 of 1st period - Slapshot by Anton Stralman.
9:26 of 1st period - Deflect By Mikael Backlund.
9:26 of 1st period - Shot Misses the Net.
9:26 of 1st period - Puck is out of play.
9:27 of 1st period - Jeff Carter wins face-off versus Dylan Larkin in Montreal Canadiens zone.
9:28 of 1st period - Wrist shot by Adrian Kempe.
9:28 of 1st period - Stopped by Jacob Markstrom without a rebound.
9:29 of 1st period - Dylan Larkin wins face-off versus Jeff Carter in Montreal Canadiens zone.
11:15 of 1st period - Icing by Tomas Nosek.
11:16 of 1st period - Martin Necas wins face-off versus Paul Stastny in Montreal Canadiens zone.
12:07 of 1st period - Filip Forsberg is hit by Damon Severson and loses puck.
12:22 of 1st period - Christian Fischer is hit by Anton Stralman.
12:54 of 1st period - Miles Wood is hit by Erik Johnson.
12:58 of 1st period - Slapshot by Jakub Voracek.
12:58 of 1st period - Stopped by Jacob Markstrom with a rebound.
13:00 of 1st period - Snap shot by Jakub Voracek.
13:00 of 1st period - Shot Misses the Net.
13:02 of 1st period - Wrist shot by Jakub Voracek.
13:02 of 1st period - Stopped by Jacob Markstrom with a rebound.
13:37 of 1st period - Snap shot by Jack Quinn.
13:37 of 1st period - Stopped by Juuse Saros with a rebound.
13:39 of 1st period - Slapshot by Tomas Nosek.
13:39 of 1st period - Shot Misses the Net.
13:57 of 1st period - Snap shot by Boone Jenner.
13:57 of 1st period - Shot Misses the Net.
14:19 of 1st period - Tyler Myers is hit by Ryan Getzlaf and loses puck.
14:30 of 1st period - Icing by Tyler Myers.
14:31 of 1st period - Boone Jenner wins face-off versus Tyson Jost in Montreal Canadiens zone.
14:32 of 1st period - Wrist shot by Cam Atkinson.
14:32 of 1st period - Stopped by Jacob Markstrom with a rebound.
14:34 of 1st period - Slapshot by Erik Johnson.
14:34 of 1st period - Deflect By Adam Fox.
14:34 of 1st period - Stopped by Jacob Markstrom with a rebound.
14:36 of 1st period - Wrist shot by David Perron.
14:36 of 1st period - Deflect By Boone Jenner.
14:36 of 1st period - Stopped by Jacob Markstrom without a rebound.
14:37 of 1st period - Dylan Larkin wins face-off versus Boone Jenner in Montreal Canadiens zone.
15:37 of 1st period - Slapshot by Jake Evans.
15:37 of 1st period - Shot Blocked by Brett Pesce.
15:50 of 1st period - Snap shot by Jake Evans.
15:50 of 1st period - Deflect By Jakub Voracek.
15:50 of 1st period - Stopped by Juuse Saros without a rebound.
15:51 of 1st period - Boone Jenner wins face-off versus Dylan Larkin in Edmonton Oilers zone.
17:10 of 1st period - Slapshot by David Perron.
17:10 of 1st period - Stopped by Jacob Markstrom with a rebound.
17:12 of 1st period - Backhand shot by Cam Atkinson.
17:12 of 1st period - Shot Misses the Net.
17:22 of 1st period - Snap shot by Jake Evans.
17:22 of 1st period - Shot Misses the Net.
17:34 of 1st period - Miles Wood is hit by Mikael Backlund and loses puck.
17:57 of 1st period - Slapshot by Sidney Crosby.
17:57 of 1st period - Stopped by Juuse Saros without a rebound.
17:58 of 1st period - Boone Jenner wins face-off versus Jack Quinn in Edmonton Oilers zone.
17:58 of 1st period - Boone Jenner is hit by Tyler Myers.
18:12 of 1st period - Snap shot by Boone Jenner.
18:12 of 1st period - Shot Blocked by Adam Fox.
18:14 of 1st period - Slapshot by Duncan Keith.
18:14 of 1st period - Stopped by Jacob Markstrom without a rebound.
18:15 of 1st period - Dylan Larkin wins face-off versus Jeff Carter in Montreal Canadiens zone.
18:24 of 1st period - Wrist shot by Adrian Kempe.
18:24 of 1st period - Stopped by Jacob Markstrom without a rebound.
18:25 of 1st period - Jeff Carter wins face-off versus Dylan Larkin in Montreal Canadiens zone.
18:28 of 1st period - Wrist shot by Jamie Benn.
18:28 of 1st period - Stopped by Jacob Markstrom with a rebound.
18:43 of 1st period - Wrist shot by Dylan Larkin.
18:43 of 1st period - Deflect By Jonathan Marchessault.
18:43 of 1st period - Shot Blocked by Damon Severson.
18:43 of 1st period - Puck is out of play.
18:44 of 1st period - Sidney Crosby wins face-off versus David Perron in Edmonton Oilers zone.
18:49 of 1st period - Snap shot by Filip Forsberg.
18:49 of 1st period - Shot Misses the Net.
18:55 of 1st period - Brady Skjei is hit by Duncan Keith.
19:19 of 1st period - Snap shot by Adrian Kempe.
19:19 of 1st period - Stopped by Jacob Markstrom without a rebound.
19:20 of 1st period - Ryan Getzlaf wins face-off versus Dylan Larkin in Montreal Canadiens zone.
19:47 of 1st period - Tyler Myers is hit by Jeff Carter and loses puck.
19:54 of 1st period - Snap shot by Jeff Carter.
19:54 of 1st period - Stopped by Jacob Markstrom with a rebound.
19:56 of 1st period - Snap shot by Jeff Carter.
19:56 of 1st period - Stopped by Jacob Markstrom without a rebound.
19:57 of 1st period - Boone Jenner wins face-off versus Sidney Crosby in Montreal Canadiens zone.
Goals for this period are 0 for Montreal Canadiens vs 0 for Edmonton Oilers.
Shots for this period are 4 for Montreal Canadiens vs 16 for Edmonton Oilers.
2nd period
0:01 of 2nd period - Boone Jenner wins face-off versus Dylan Larkin in neutral zone.
0:10 of 2nd period - Boone Jenner is hit by Jonathan Marchessault and loses puck.
0:39 of 2nd period - Wrist shot by Brock Boeser.
0:39 of 2nd period - Stopped by Jacob Markstrom with a rebound.
1:41 of 2nd period - Snap shot by Filip Forsberg.
1:41 of 2nd period - Stopped by Juuse Saros with a rebound.
2:03 of 2nd period - Snap shot by Jonathan Marchessault.
2:03 of 2nd period - Stopped by Juuse Saros with a rebound.
2:28 of 2nd period - Off-side.
2:29 of 2nd period - Dylan Larkin wins face-off versus Boone Jenner in neutral zone.
2:42 of 2nd period - Snap shot by Damon Severson.
2:42 of 2nd period - Deflect By David Perron.
2:42 of 2nd period - Shot Blocked by Dylan Larkin.
2:42 of 2nd period - Puck is out of play.
2:43 of 2nd period - Boone Jenner wins face-off versus Sidney Crosby in Montreal Canadiens zone.
2:56 of 2nd period - Snap shot by Cam Atkinson.
2:56 of 2nd period - Shot Misses the Net.
3:10 of 2nd period - Damon Severson is hit by Dylan Larkin and loses puck.
3:41 of 2nd period - Snap shot by Jake Evans.
3:41 of 2nd period - Deflect By Tyson Jost.
3:41 of 2nd period - Shot Blocked by Jamie Benn.
3:41 of 2nd period - Puck is out of play.
3:42 of 2nd period - Sidney Crosby wins face-off versus Boone Jenner in Edmonton Oilers zone.
3:49 of 2nd period - Wrist shot by Filip Forsberg.
3:49 of 2nd period - Stopped by Juuse Saros with a rebound.
3:51 of 2nd period - Wrist shot by Sidney Crosby.
3:51 of 2nd period - Stopped by Juuse Saros with a rebound.
3:53 of 2nd period - Backhand shot by Tyler Myers.
3:53 of 2nd period - Deflect By Sidney Crosby.
3:53 of 2nd period - Shot Blocked by Duncan Keith.
3:53 of 2nd period - Puck is out of play.
3:54 of 2nd period - Dylan Larkin wins face-off versus Boone Jenner in Edmonton Oilers zone.
4:03 of 2nd period - Slapshot by Dylan Larkin.
4:03 of 2nd period - Shot Misses the Net.
4:19 of 2nd period - Patrik Laine is hit by Adrian Kempe and loses puck.
4:32 of 2nd period - Wrist shot by Adrian Kempe.
4:32 of 2nd period - Deflect By Jeff Carter.
4:32 of 2nd period - Shot Blocked by Adam Fox.
4:32 of 2nd period - Puck is out of play.
4:33 of 2nd period - Ryan Getzlaf wins face-off versus Dylan Larkin in Montreal Canadiens zone.
4:34 of 2nd period - Wrist shot by Brock Boeser.
4:34 of 2nd period - Stopped by Jacob Markstrom without a rebound.
4:35 of 2nd period - Brock Boeser wins face-off versus Dylan Larkin in Montreal Canadiens zone.
4:38 of 2nd period - Snap shot by Ryan Getzlaf.
4:38 of 2nd period - Stopped by Jacob Markstrom with a rebound.
4:44 of 2nd period - Slapshot by Jonathan Marchessault.
4:44 of 2nd period - Stopped by Juuse Saros with a rebound.
4:46 of 2nd period - Wrist shot by Jonathan Marchessault.
4:46 of 2nd period - Shot Misses the Net.
4:48 of 2nd period - Slapshot by Brady Skjei.
4:48 of 2nd period - Stopped by Juuse Saros without a rebound.
4:49 of 2nd period - Sidney Crosby wins face-off versus Boone Jenner in Edmonton Oilers zone.
4:50 of 2nd period - Snap shot by Filip Forsberg.
4:50 of 2nd period - Shot Blocked by David Perron.
4:55 of 2nd period - Boone Jenner is hit by Adam Fox and loses puck.
5:24 of 2nd period - Off-side.
5:25 of 2nd period - Dylan Larkin wins face-off versus Jakub Voracek in neutral zone.
5:28 of 2nd period - Dylan Larkin is hit by Damon Severson and loses puck.
6:28 of 2nd period - Snap shot by Tyson Jost.
6:28 of 2nd period - Stopped by Juuse Saros without a rebound.
6:29 of 2nd period - Tomas Nosek wins face-off versus Ryan Getzlaf in Edmonton Oilers zone.
6:40 of 2nd period - Slapshot by Adam Fox.
6:40 of 2nd period - Stopped by Juuse Saros with a rebound.
6:42 of 2nd period - Wrist shot by Jack Quinn.
6:42 of 2nd period - Shot Blocked by Ryan Getzlaf.
6:44 of 2nd period - Wrist shot by Jack Quinn.
6:44 of 2nd period - Stopped by Juuse Saros without a rebound.
6:45 of 2nd period - Dylan Larkin wins face-off versus Boone Jenner in Edmonton Oilers zone.
6:50 of 2nd period - Snap shot by Dylan Larkin.
6:50 of 2nd period - Stopped by Juuse Saros without a rebound.
6:51 of 2nd period - Boone Jenner wins face-off versus Dylan Larkin in Edmonton Oilers zone.
6:51 of 2nd period - Boone Jenner is hit by Miles Wood.
7:01 of 2nd period - Adam Fox is hit by Boone Jenner and loses puck.
7:46 of 2nd period - Tyler Myers is hit by Jamie Benn and loses puck.
7:51 of 2nd period - Snap shot by Adrian Kempe.
7:51 of 2nd period - Shot Misses the Net.
7:53 of 2nd period - Slapshot by Jacob Trouba.
7:53 of 2nd period - Stopped by Jacob Markstrom without a rebound.
7:54 of 2nd period - Boone Jenner wins face-off versus Sidney Crosby in Montreal Canadiens zone.
7:55 of 2nd period - Snap shot by Cam Atkinson.
7:55 of 2nd period - Stopped by Jacob Markstrom with a rebound.
8:25 of 2nd period - Icing by Erik Johnson.
8:26 of 2nd period - Jeff Carter wins face-off versus Jake Evans in Edmonton Oilers zone.
8:44 of 2nd period - Off-side.
8:45 of 2nd period - Tomas Nosek wins face-off versus Jakub Voracek in neutral zone.
8:56 of 2nd period - Slapshot by Tyler Myers.
8:56 of 2nd period - Stopped by Juuse Saros with a rebound.
8:58 of 2nd period - Snap shot by Christian Fischer.
8:58 of 2nd period - Shot Blocked by Damon Severson.
9:00 of 2nd period - Snap shot by Tomas Nosek.
9:00 of 2nd period - Stopped by Juuse Saros with a rebound.
9:18 of 2nd period - Snap shot by Sidney Crosby.
9:18 of 2nd period - Deflect By Filip Forsberg.
9:18 of 2nd period - Stopped by Juuse Saros without a rebound.
9:19 of 2nd period - Dylan Larkin wins face-off versus Jeff Carter in Edmonton Oilers zone.
9:22 of 2nd period - Snap shot by Jonathan Marchessault.
9:22 of 2nd period - Shot Misses the Net.
9:24 of 2nd period - Slapshot by Dylan Larkin.
9:24 of 2nd period - Stopped by Juuse Saros with a rebound.
9:26 of 2nd period - Wrist shot by Jonathan Marchessault.
9:26 of 2nd period - Stopped by Juuse Saros without a rebound.
9:27 of 2nd period - Jeff Carter wins face-off versus Dylan Larkin in Edmonton Oilers zone.
9:45 of 2nd period - Snap shot by Dylan Larkin.
9:45 of 2nd period - Shot Blocked by Erik Johnson.
9:47 of 2nd period - Slapshot by Scott Mayfield.
9:47 of 2nd period - Stopped by Juuse Saros with a rebound.
9:49 of 2nd period - Slapshot by Scott Mayfield.
9:49 of 2nd period - Shot Misses the Net.
9:51 of 2nd period - Slapshot by Miles Wood.
9:51 of 2nd period - Stopped by Juuse Saros with a rebound.
9:53 of 2nd period - Snap shot by Dylan Larkin.
9:53 of 2nd period - Shot Misses the Net.
9:55 of 2nd period - Slapshot by Jonathan Marchessault.
9:55 of 2nd period - Goal by Jonathan Marchessault - Montreal Canadiens : 1 - Edmonton Oilers : 0.
9:56 of 2nd period - Boone Jenner wins face-off versus Sidney Crosby in neutral zone.
9:58 of 2nd period - Minor Penalty to Boone Jenner for Boarding.
9:59 of 2nd period - Mikael Backlund wins face-off versus Filip Forsberg in Edmonton Oilers zone.
11:58 of 2nd period - Penalty to Boone Jenner is over, Boone Jenner is back on ice.
12:20 of 2nd period - Erik Johnson is hit by Jack Quinn.
12:21 of 2nd period - Erik Johnson from Edmonton Oilers is injured at 12:21 of 2nd period (Sprained Right Knee).
12:22 of 2nd period - Sidney Crosby wins face-off versus Boone Jenner in Edmonton Oilers zone.
12:23 of 2nd period - Wrist shot by Filip Forsberg.
12:23 of 2nd period - Stopped by Juuse Saros without a rebound.
12:24 of 2nd period - Sidney Crosby wins face-off versus Boone Jenner in Edmonton Oilers zone.
12:42 of 2nd period - Icing by David Perron.
12:43 of 2nd period - Boone Jenner wins face-off versus Martin Necas in Edmonton Oilers zone.
12:43 of 2nd period - Boone Jenner is hit by Martin Necas.
12:56 of 2nd period - Icing by Boone Jenner.
12:57 of 2nd period - Boone Jenner wins face-off versus Sidney Crosby in Edmonton Oilers zone.
13:04 of 2nd period - Filip Forsberg is hit by Jacob Trouba and loses puck.
13:11 of 2nd period - Jacob Trouba is hit by Patrik Laine and loses puck.
13:28 of 2nd period - Wrist shot by Dylan Larkin.
13:28 of 2nd period - Stopped by Juuse Saros without a rebound.
13:29 of 2nd period - Ryan Getzlaf wins face-off versus Dylan Larkin in Edmonton Oilers zone.
13:29 of 2nd period - Ryan Getzlaf is hit by Dylan Larkin.
14:06 of 2nd period - Anton Stralman is hit by Martin Necas and loses puck.
14:28 of 2nd period - Off-side.
14:29 of 2nd period - Ryan Getzlaf wins face-off versus Tomas Nosek in neutral zone.
15:03 of 2nd period - Snap shot by Adrian Kempe.
15:03 of 2nd period - Stopped by Jacob Markstrom without a rebound.
15:04 of 2nd period - Tyson Jost wins face-off versus Jeff Carter in Montreal Canadiens zone.
15:19 of 2nd period - Wrist shot by Jake Evans.
15:19 of 2nd period - Stopped by Juuse Saros without a rebound.
15:20 of 2nd period - Dylan Larkin wins face-off versus Ryan Getzlaf in Edmonton Oilers zone.
15:29 of 2nd period - Snap shot by Dylan Larkin.
15:29 of 2nd period - Deflect By Miles Wood.
15:29 of 2nd period - Shot Misses the Net.
15:29 of 2nd period - Puck is out of play.
15:30 of 2nd period - Ryan Getzlaf wins face-off versus Dylan Larkin in Edmonton Oilers zone.
15:32 of 2nd period - Minor Penalty to Ryan Getzlaf for Hooking.
15:33 of 2nd period - Mikael Backlund wins face-off versus Dylan Larkin in Edmonton Oilers zone.
16:09 of 2nd period - Slapshot by Jonathan Marchessault.
16:09 of 2nd period - Shot Blocked by Duncan Keith.
16:11 of 2nd period - Snap shot by Jonathan Marchessault.
16:11 of 2nd period - Shot Misses the Net.
16:13 of 2nd period - Wrist shot by Dylan Larkin.
16:13 of 2nd period - Stopped by Juuse Saros without a rebound.
16:14 of 2nd period - Sidney Crosby wins face-off versus Mikael Backlund in Edmonton Oilers zone.
17:32 of 2nd period - Penalty to Ryan Getzlaf is over, Ryan Getzlaf is back on ice.
18:06 of 2nd period - Off-side.
18:07 of 2nd period - Boone Jenner wins face-off versus Tomas Nosek in neutral zone.
18:12 of 2nd period - Wrist shot by Cam Atkinson.
18:12 of 2nd period - Shot Misses the Net.
18:14 of 2nd period - Slapshot by Jacob Trouba.
18:14 of 2nd period - Goal by Jacob Trouba - Montreal Canadiens : 1 - Edmonton Oilers : 1.
18:15 of 2nd period - Sidney Crosby wins face-off versus Jeff Carter in neutral zone.
18:26 of 2nd period - Adam Fox is hit by Jeff Carter.
19:18 of 2nd period - Icing by Damon Severson.
19:19 of 2nd period - Sidney Crosby wins face-off versus Ryan Getzlaf in Edmonton Oilers zone.
19:24 of 2nd period - Wrist shot by Patrik Laine.
19:24 of 2nd period - Goal by Patrik Laine - Montreal Canadiens : 2 - Edmonton Oilers : 1.
19:25 of 2nd period - Adrian Kempe wins face-off versus Patrik Laine in neutral zone.
19:27 of 2nd period - Off-side.
19:28 of 2nd period - Jeff Carter wins face-off versus Sidney Crosby in neutral zone.
Goals for this period are 2 for Montreal Canadiens vs 1 for Edmonton Oilers.
Shots for this period are 23 for Montreal Canadiens vs 7 for Edmonton Oilers.
3rd period
0:01 of 3rd period - Dylan Larkin wins face-off versus Jeff Carter in neutral zone.
0:50 of 3rd period - Snap shot by Jake Evans.
0:50 of 3rd period - Stopped by Juuse Saros without a rebound.
0:51 of 3rd period - Mikael Backlund wins face-off versus Sidney Crosby in Edmonton Oilers zone.
1:00 of 3rd period - Wrist shot by Patrik Laine.
1:00 of 3rd period - Shot Misses the Net.
1:18 of 3rd period - Brady Skjei is hit by Ryan Getzlaf and loses puck.
1:27 of 3rd period - Ryan Getzlaf is hit by Jonathan Marchessault and loses puck.
1:46 of 3rd period - Adam Fox is hit by Adrian Kempe and loses puck.
1:53 of 3rd period - Snap shot by Adrian Kempe.
1:53 of 3rd period - Stopped by Jacob Markstrom with a rebound.
2:05 of 3rd period - Snap shot by Cam Atkinson.
2:05 of 3rd period - Stopped by Jacob Markstrom without a rebound.
2:06 of 3rd period - Boone Jenner wins face-off versus Martin Necas in Montreal Canadiens zone.
2:11 of 3rd period - Snap shot by David Perron.
2:11 of 3rd period - Shot Misses the Net.
2:13 of 3rd period - Slapshot by Jacob Trouba.
2:13 of 3rd period - Deflect By David Perron.
2:13 of 3rd period - Stopped by Jacob Markstrom without a rebound.
2:14 of 3rd period - Dylan Larkin wins face-off versus Boone Jenner in Montreal Canadiens zone.
2:23 of 3rd period - Alexandre Carrier is hit by David Perron and loses puck.
2:42 of 3rd period - Adrian Kempe is hit by Patrik Laine and loses puck.
3:09 of 3rd period - Wrist shot by Jakub Voracek.
3:09 of 3rd period - Stopped by Jacob Markstrom without a rebound.
3:10 of 3rd period - Dylan Larkin wins face-off versus Ryan Getzlaf in Montreal Canadiens zone.
3:21 of 3rd period - Slapshot by Jakub Voracek.
3:21 of 3rd period - Stopped by Jacob Markstrom with a rebound.
3:37 of 3rd period - Boone Jenner is hit by Brady Skjei and loses puck.
3:48 of 3rd period - Snap shot by David Perron.
3:48 of 3rd period - Shot Misses the Net.
4:39 of 3rd period - Tyler Myers is hit by Damon Severson.
5:17 of 3rd period - Minor Penalty to David Perron for Hooking.
5:18 of 3rd period - Mikael Backlund wins face-off versus Sidney Crosby in Edmonton Oilers zone.
5:28 of 3rd period - Icing by Patrik Laine.
5:29 of 3rd period - Jeff Carter wins face-off versus Filip Forsberg in Montreal Canadiens zone.
5:46 of 3rd period - Filip Forsberg is hit by Duncan Keith and loses puck.
6:09 of 3rd period - Wrist shot by Patrik Laine.
6:09 of 3rd period - Shot Misses the Net.
6:23 of 3rd period - Snap shot by Jakob Silfverberg.
6:23 of 3rd period - Stopped by Jacob Markstrom without a rebound.
6:24 of 3rd period - Dylan Larkin wins face-off versus Mikael Backlund in Montreal Canadiens zone.
6:31 of 3rd period - Snap shot by Dylan Larkin.
6:31 of 3rd period - Stopped by Juuse Saros without a rebound.
6:32 of 3rd period - Dylan Larkin wins face-off versus Mikael Backlund in Edmonton Oilers zone.
6:43 of 3rd period - Wrist shot by Jonathan Marchessault.
6:43 of 3rd period - Stopped by Juuse Saros with a rebound.
7:03 of 3rd period - Wrist shot by Jeff Carter.
7:03 of 3rd period - Stopped by Jacob Markstrom with a rebound.
7:17 of 3rd period - Penalty to David Perron is over, David Perron is back on ice.
8:03 of 3rd period - Mikael Backlund is hit by Patrik Laine and loses puck.
8:12 of 3rd period - Scott Mayfield is hit by Mikael Backlund and loses puck.
8:34 of 3rd period - Wrist shot by Martin Necas.
8:34 of 3rd period - Shot Blocked by Anton Stralman.
8:53 of 3rd period - Slapshot by Dylan Larkin.
8:53 of 3rd period - Stopped by Juuse Saros with a rebound.
9:11 of 3rd period - Wrist shot by Filip Hronek.
9:11 of 3rd period - Stopped by Juuse Saros without a rebound.
9:12 of 3rd period - Jeff Carter wins face-off versus Tomas Nosek in Edmonton Oilers zone.
9:17 of 3rd period - Wrist shot by Jamie Benn.
9:17 of 3rd period - Stopped by Jacob Markstrom without a rebound.
9:18 of 3rd period - Jeff Carter wins face-off versus Miles Wood in Montreal Canadiens zone.
9:29 of 3rd period - Snap shot by Jamie Benn.
9:29 of 3rd period - Stopped by Jacob Markstrom without a rebound.
9:30 of 3rd period - Jeff Carter wins face-off versus Sidney Crosby in Montreal Canadiens zone.
9:30 of 3rd period - Jamie Benn and Tyler Myers fight to a draw.
9:30 of 3rd period - Penalty to Jamie Benn for Fighting.
9:30 of 3rd period - Penalty to Tyler Myers for Fighting.
9:31 of 3rd period - Jeff Carter wins face-off versus Sidney Crosby in Montreal Canadiens zone.
9:44 of 3rd period - Snap shot by Adrian Kempe.
9:44 of 3rd period - Stopped by Jacob Markstrom without a rebound.
9:45 of 3rd period - Dylan Larkin wins face-off versus Ryan Getzlaf in Montreal Canadiens zone.
9:57 of 3rd period - Wrist shot by Adam Fox.
9:57 of 3rd period - Deflect By Dylan Larkin.
9:57 of 3rd period - Shot Misses the Net.
9:57 of 3rd period - Puck is out of play.
9:58 of 3rd period - Sidney Crosby wins face-off versus Jeff Carter in Edmonton Oilers zone.
11:40 of 3rd period - Sidney Crosby is hit by Jakub Voracek and loses puck.
12:19 of 3rd period - Filip Forsberg is hit by Brett Pesce.
12:23 of 3rd period - Adrian Kempe is hit by Alexandre Carrier and loses puck.
12:36 of 3rd period - Ryan Getzlaf is hit by Miles Wood and loses puck.
13:23 of 3rd period - Duncan Keith is hit by Tyson Jost and loses puck.
13:34 of 3rd period - Snap shot by Boone Jenner.
13:34 of 3rd period - Stopped by Jacob Markstrom with a rebound.
13:36 of 3rd period - Wrist shot by Boone Jenner.
13:36 of 3rd period - Stopped by Jacob Markstrom without a rebound.
13:37 of 3rd period - Dylan Larkin wins face-off versus Jeff Carter in Montreal Canadiens zone.
13:42 of 3rd period - Adrian Kempe is hit by Dylan Larkin and loses puck.
14:01 of 3rd period - Adam Fox is hit by Jacob Trouba.
14:05 of 3rd period - Jakub Voracek is hit by Jake Evans and loses puck.
14:17 of 3rd period - Icing by Brett Pesce.
14:18 of 3rd period - Mikael Backlund wins face-off versus Tomas Nosek in Edmonton Oilers zone.
14:43 of 3rd period - Off-side.
14:44 of 3rd period - Jeff Carter wins face-off versus Dylan Larkin in neutral zone.
15:30 of 3rd period - Wrist shot by Patrik Laine.
15:30 of 3rd period - Stopped by Juuse Saros with a rebound.
15:32 of 3rd period - Slapshot by Brady Skjei.
15:32 of 3rd period - Shot Misses the Net.
15:34 of 3rd period - Slapshot by Sidney Crosby.
15:34 of 3rd period - Stopped by Juuse Saros without a rebound.
15:35 of 3rd period - Mikael Backlund wins face-off versus Sidney Crosby in Edmonton Oilers zone.
15:56 of 3rd period - Wrist shot by Sidney Crosby.
15:56 of 3rd period - Shot Blocked by Anton Stralman.
15:58 of 3rd period - Slapshot by Brady Skjei.
15:58 of 3rd period - Shot Misses the Net.
16:00 of 3rd period - Slapshot by Sidney Crosby.
16:00 of 3rd period - Stopped by Juuse Saros without a rebound.
16:01 of 3rd period - Martin Necas wins face-off versus Ryan Getzlaf in Edmonton Oilers zone.
16:02 of 3rd period - Wrist shot by Tyson Jost.
16:02 of 3rd period - Shot Blocked by Brock Boeser.
16:28 of 3rd period - Tyler Myers is hit by Jacob Trouba and loses puck.
16:45 of 3rd period - Filip Hronek is hit by Adrian Kempe and loses puck.
16:52 of 3rd period - Brett Pesce is hit by Jack Quinn.
16:56 of 3rd period - Adrian Kempe is hit by Christian Fischer and loses puck.
17:01 of 3rd period - Slapshot by Jack Quinn.
17:01 of 3rd period - Shot Misses the Net.
17:17 of 3rd period - Snap shot by Adrian Kempe.
17:17 of 3rd period - Stopped by Jacob Markstrom without a rebound.
17:18 of 3rd period - Martin Necas wins face-off versus Brock Boeser in Montreal Canadiens zone.
17:30 of 3rd period - Off-side.
17:31 of 3rd period - Jakub Voracek wins face-off versus Martin Necas in neutral zone.
17:35 of 3rd period - Off-side.
17:36 of 3rd period - Brock Boeser wins face-off versus Martin Necas in neutral zone.
18:49 of 3rd period - Slapshot by Miles Wood.
18:49 of 3rd period - Stopped by Juuse Saros without a rebound.
18:50 of 3rd period - Jon Cooper call a timeout for Edmonton Oilers.
18:50 of 3rd period - Boone Jenner wins face-off versus Dylan Larkin in Edmonton Oilers zone.
18:50 of 3rd period - Boone Jenner is hit by Miles Wood.
18:56 of 3rd period - Edmonton Oilers, Juuse Saros is pulled from the net.
19:02 of 3rd period - Snap shot by Jamie Benn.
19:02 of 3rd period - Stopped by Jacob Markstrom with a rebound.
19:04 of 3rd period - Slapshot by Jamie Benn.
19:04 of 3rd period - Shot Misses the Net.
19:06 of 3rd period - Snap shot by Jamie Benn.
19:06 of 3rd period - Shot Misses the Net.
19:08 of 3rd period - Snap shot by David Perron.
19:08 of 3rd period - Stopped by Jacob Markstrom without a rebound.
19:09 of 3rd period - Boone Jenner wins face-off versus Sidney Crosby in Montreal Canadiens zone.
19:24 of 3rd period - Wrist shot by Jamie Benn.
19:24 of 3rd period - Shot Misses the Net.
19:52 of 3rd period - Snap shot by Jamie Benn.
19:52 of 3rd period - Stopped by Jacob Markstrom with a rebound.
19:54 of 3rd period - Snap shot by Jacob Trouba.
19:54 of 3rd period - Shot Misses the Net.
19:56 of 3rd period - Snap shot by Damon Severson.
19:56 of 3rd period - Shot Misses the Net.
Goals for this period are 0 for Montreal Canadiens vs 0 for Edmonton Oilers.
Shots for this period are 9 for Montreal Canadiens vs 16 for Edmonton Oilers.
Back to the Top